 Dungeon Crawl Stone Soup version 0.21.1-1-g345015fe64 (webtiles) character file.

32 Lennu the Skirmisher (level 3, 0/29 HPs)
             Began as a Demonspawn Fighter on May 29, 2018.
             Slain by a leopard gecko (1 damage)
             ... on level 1 of the Dungeon.
             The game lasted 00:02:05 (668 turns).

Lennu the Skirmisher (Demonspawn Fighter)            Turns: 668, Time: 00:02:05

Health: 0/29       AC:  6    Str: 16    XL:     3   Next: 8%
Magic:  3/3        EV:  7    Int:  9    God:
Gold:   32         SH:  9    Dex: 13    Spells: 2/2 levels left

rFire    . . .     SeeInvis .   a - +0 flail
rCold    + . .     Gourm    .   c - +0 shield
rNeg     . . .     Faith    .   b - +0 scale mail
rPois    .         Spirit   .   (helmet restricted)
rElec    .         Reflect  .   (no cloak)
rCorr    .         Harm     .   (no gloves)
MR       .....                  (no boots)
Stlth    ..........             (no amulet)
HPRegen  0.09/turn              j - ring of protection from cold
MPRegen  0.08/turn              (no ring)

@: very slightly contaminated
A: horns 1, powered by death 1
a: no special abilities


You were on level 1 of the Dungeon.
You were not hungry.

You visited 1 branch of the dungeon, and saw 1 of its levels.

You collected 32 gold pieces.

Inventory:

Hand Weapons
 a - a +0 flail (weapon)
Armour
 b - a +0 scale mail (worn)
 c - a +0 shield (worn)
Jewellery
 j - a ring of protection from cold (left hand)
Scrolls
 e - 2 scrolls of blinking {unknown}
 g - 2 scrolls of remove curse {unknown}
 k - a scroll of immolation {unknown}
Potions
 d - a potion of might
Comestibles
 f - 2 rations
 i - a chunk of flesh


   Skills:
 + Level 3.2 Fighting
 + Level 1.9 Maces & Flails
 + Level 3.1 Armour
 + Level 0.2 Dodging
 + Level 3.1 Shields


You had 2 spell levels left.
You didn't know any spells.

Dungeon Overview and Level Annotations

Branches:
Dungeon (1/15)

Altars:


Innate Abilities, Weirdness & Mutations

You have a pair of small horns on your head.
You regenerate a little health from kills.


Message History

You feel agile.
Your demonic ancestry asserts itself...
A wave of death washes over you. You block the rat's attack.
The leopard gecko bites you but does no damage.
You block the rat's attack.
You sock the rat!
You kill the rat!
The leopard gecko bites you but does no damage.
You block the leopard gecko's attack.
You closely miss the leopard gecko. You block the leopard gecko's attack.
The leopard gecko bites you but does no damage.
You hit the leopard gecko but do no damage.
You headbutt the leopard gecko.
The leopard gecko is heavily wounded.
The leopard gecko bites you.
* * * LOW HITPOINT WARNING * * *
You closely miss the leopard gecko.
The leopard gecko is heavily wounded.
You block the leopard gecko's attack. The leopard gecko bites you.
You die...

#.......####### #.....##.
#.............########.....##.
#....................#......#.
#............>............)..)
#.............................
#.....................#.......
#.....................#.......
##...........†l)...............
#.............@................
#............#########.........
###........##### ##########
#.......)### ≈ #......÷†# ≈.##
# #.......)# ...P ###
#........# #### #..##..
#......))# #..#### #.P'..
#........# #.....### #.###.


You could see a leopard gecko.

Vanquished Creatures
  A gnoll (D:1)
  A dart slug (D:1)
  A goblin (D:1)
  3 hobgoblins (D:1)
  2 jackals (D:1)
  4 kobolds (D:1)
  5 bats (D:1)
  2 rats (D:1)
19 creatures vanquished.

Notes
Turn   | Place    | Note
-------+----------+-------------------------------------------
     0 | D:1      | Lennu the Demonspawn Fighter began the quest for the Orb.
     0 | D:1      | Reached XP level 1. HP: 18/18 MP: 1/1
   330 | D:1      | Gained mutation: You have a pair of small horns on your head. [demonic ancestry]
   330 | D:1      | Reached XP level 2. HP: 21/24 MP: 2/2
   640 | D:1      | HP: 1/24 [leopard gecko (4)]
   664 | D:1      | Gained mutation: You regenerate a little health from kills. [demonic ancestry]
   664 | D:1      | Reached XP level 3. HP: 3/29 MP: 3/3
   667 | D:1      | HP: 1/29 [leopard gecko (2)]
   668 | D:1      | Slain by a leopard gecko

Skill      XL: |  1  2 |
---------------+-------+-----
Armour         | 3 |  3.1
Shields        | 3 |  3.1
Fighting       | |  3.2
Maces & Flails | |  1.9
Dodging        | |  0.2

Action                   || total
-------------------------++-------
Melee: Flail             ||    68
       Headbutt          ||     8
  Use: Potion            ||     2
Armor: Scale mail        ||    55
Dodge: Dodged            ||    34
Block: Shield            ||    48
